 Dungeon Sprint DCSS version 0.32-a0-42-ga30500b4d3 (webtiles) character file.

Game seed: 16763794987071676570

216 rocky1 the Shield-Bearer (level 6, -2/51 HPs)
             Began as a Formicid Fighter on Jan 27, 2024.
             Was a High Priest of Cheibriados.
             Slain by an orc warrior
             ... wielding a +0 glaive
              (16 damage)
             ... in the Dungeon (Sprint VII: "The Pits").
             The game lasted 00:01:24 (347 turns).

rocky1 the Shield-Bearer (Formicid Fighter)          Turns: 347, Time: 00:01:25

Health: -2/51      AC: 14    Str: 35    XL:     6   Next: 16%
Magic:  9/10       EV:  9    Int: 21    God:    Cheibriados [*****.]
Gold:   0          SH:  8    Dex: 29    Spells: 5/5 levels left

rFire   . . .        m - +0 long sword (flame)
rCold   . . .        c - +0 buckler
rNeg    . . .        f - +2 plate armour
rPois   .            (helmet unavailable)
rElec   .            (no cloak)
rCorr   .            (no gloves)
SInv    +            (no boots)
Will    .....        (no amulet) Stlth
                     (no ring)
HPRegen 0.28/turn    (no ring)
MPRegen 0.12/turn

%: no passive effects
@: very slow
A: permanent stasis, dig shafts and tunnels, antennae 3, four strong arms
a: Dig, Renounce Religion, Bend Time, Temporal Distortion, Slouch, Step From
Time


You were in the Dungeon.
You worshipped Cheibriados.
Cheibriados was extremely pleased with you.
You visited 1 branch

Inventory:

Hand Weapons
 a - a +0 long sword
 m - a +0 long sword of flaming (weapon)
Armour
 b - a +0 scale mail
 c - a +0 buckler (worn)
 f - a +2 plate armour (worn)
Scrolls
 i - 2 scrolls of vulnerability
 j - 5 scrolls of amnesia
 k - a scroll of summoning
Potions
 d - a potion of might
 e - 6 potions of curing
 g - 4 potions of magic
 h - 2 potions of invisibility
 l - 5 potions of heal wounds


   Skills:
 + Level 5.4 Fighting
 + Level 6.8 Long Blades
 + Level 6.2 Armour
 + Level 1.9 Dodging
 + Level 7.5 Shields
 * Level 5.6 Invocations


You had 5 spell levels left.
You didn't know any spells.
Your spell library was empty.

Dungeon Overview and Level Annotations

Branches:
Dungeon (1/1)

Altars:
Ashenzari
Cheibriados
Dithmenos
Elyvilon
Fedhas
Gozag
Hepliaklqana
Kikubaaqudgha
Makhleb
Nemelex Xobeh
Okawaru
Qazlal
Ru
Sif Muna
Trog
Uskayaw
Vehumet
Wu Jian
Xom
Yredelemnul
Zin
The Shining One
Jiyva
Lugonu


Innate Abilities, Weirdness & Mutations

You cannot be hasted, slowed, berserked, paralysed or teleported.
You can dig through walls and to a lower floor.
You have a pair of large antennae on your head. (SInv)
Your four strong arms can wield two-handed weapons with a shield.


Message History

Cheibriados appreciates the change of pace.
Cheibriados raises the support of your attributes as your movement slows.
The orc wizard gestures wildly while chanting.
The orc wizard flickers and vanishes for a moment.
Your Armour skill increases to level 6!
Your Invocations skill increases to level 5!
You closely miss the orc priest.
The orc priest calls down the wrath of Beogh upon you.
Pain shoots through your body!
You hit the orc priest. You burn the orc priest.
The orc priest is lightly wounded.
The orc priest mumbles some strange prayers to Beogh against you.
Beogh smites you!
You barely miss the orc priest.
The orc priest is lightly wounded.
You block the orc priest's attack.
You slash the orc priest! You burn the orc priest.
You kill the orc priest!
Cheibriados appreciates the change of pace.
You have reached level 6!
Unknown command.
The orc wizard casts a spell.
The orc wizard flickers and vanishes for a moment.
You block the orc warrior's attack. The orc warrior barely misses you.
Items here: )) [[ †.
You barely miss the orc warrior. You block the orc warrior's attack.
You hit the orc warrior but do no damage.
The orc warrior barely misses you.
You closely miss the orc warrior.
The orc warrior hits you with a +0 glaive!
You closely miss the orc warrior. You block the orc warrior's attack.
You hit the orc warrior but do no damage.
The orc warrior hits you with a +0 glaive.
You barely miss the orc warrior. The orc warrior completely misses you.
You slash the orc warrior! You burn the orc warrior.
The orc warrior is heavily wounded.
The orc warrior hits you with a +0 glaive!
* * * LOW HITPOINT WARNING * * *
The orc warrior hits you with a +0 glaive!
You die...

#.....÷.....'.....
#'#####÷#####.....
#.#..÷..#..##.....
#.#.....#.)#####'#
#.###'###))##.....
#.#.....#))##.....
#.#.....#.[##.....
#.####†##'###...<.
#@#........##.....
#o#........##.....
#o###########.....
#oo#{ {{ ######
#ooZ., { ##.#.# {
{ ,...o. .#.#o#
...,..#


You could see an orc warrior, 3 orc wizards and 2 orcs.

Vanquished Creatures
  Menkaure (D)
  A scorpion (D)
  Crazy Yiuf (D)
  An orc priest (D)
  A river rat (D)
  An ufetubus (D)
  10 jackals (D)
  A quokka (D)
  A ball python (D)
  A bat (D)
19 creatures vanquished.

Notes
Turn   | Place    | Note
-------+----------+-------------------------------------------
     0 | D        | rocky1 the Formicid Fighter began the quest for the Orb.
     0 | D        | Reached XP level 1. HP: 18/18 MP: 1/1
    22 | D        | Found a bloodstained altar of Trog.
    22 | D        | Found a shimmering blue altar of Sif Muna.
    22 | D        | Found a viscous altar of Jiyva.
    22 | D        | Found a hazy altar of Hepliaklqana.
    22 | D        | Found an opulent altar of Gozag.
    23 | D        | Found a glowing golden altar of the Shining One.
    23 | D        | Found a glowing silver altar of Zin.
    23 | D        | Found a basalt altar of Yredelemnul.
    23 | D        | Found a shimmering altar of Xom.
    23 | D        | Found an ornate altar of the Wu Jian Council.
    23 | D        | Found a sacrificial altar of Ru.
    23 | D        | Found a stormy altar of Qazlal.
    23 | D        | Found an iron altar of Okawaru.
    23 | D        | Found a sparkling altar of Nemelex Xobeh.
    23 | D        | Found a burning altar of Makhleb.
    23 | D        | Found a blossoming altar of Fedhas.
    23 | D        | Found a white marble altar of Elyvilon.
    23 | D        | Found a shadowy altar of Dithmenos.
    23 | D        | Found a snail-covered altar of Cheibriados.
    26 | D        | Found a corrupted altar of Lugonu.
    26 | D        | Found a radiant altar of Vehumet.
    27 | D        | Found an ancient bone altar of Kikubaaqudgha.
    27 | D        | Found a hide-covered altar of Uskayaw.
    27 | D        | Found a broken altar of Ashenzari.
    34 | D        | Became a worshipper of Cheibriados the Contemplative
    74 | D        | Reached XP level 2. HP: 25/25 MP: 2/2
    77 | D        | Reached * piety under Cheibriados
    97 | D        | Reached ** piety under Cheibriados
    98 | D        | Reached skill level 1 in Invocations
   103 | D        | Reached *** piety under Cheibriados
   113 | D        | Reached **** piety under Cheibriados
   114 | D        | Reached skill level 5 in Shields
   120 | D        | Reached XP level 3. HP: 30/30 MP: 4/4
   232 | D        | Noticed a scorpion
   232 | D        | Noticed Menkaure
   235 | D        | Reached ***** piety under Cheibriados
   237 | D        | Killed a scorpion
   243 | D        | Killed Menkaure
   244 | D        | Reached skill level 5 in Fighting
   244 | D        | Reached skill level 5 in Armour
   244 | D        | Reached skill level 1 in Dodging
   244 | D        | Reached skill level 7 in Shields
   244 | D        | Reached XP level 4. HP: 15/39 MP: 4/7
   244 | D        | Reached XP level 5. HP: 17/44 MP: 4/8
   328 | D        | Noticed Crazy Yiuf
   333 | D        | Noticed an orc warrior
   335 | D        | Killed Crazy Yiuf
   336 | D        | Reached skill level 5 in Invocations
   340 | D        | Reached XP level 6. HP: 32/51 MP: 8/10
   347 | D        | Slain by an orc warrior

Illustrated notes

Levels and vault maps discovered:
D:        pitsprint [storerooms_1, entrance_room_1, metal_vault_5, armoury_1,
          mini_pit_1, grid_room_1, main_hall_1, silver_pit, the_coven_3,
          the_vestibule_1, steel_vault_3, golden_pit, hallway_of_sentries,
          crystal_vault_1, iron_vault_4, final_vault]

Skill      XL: |  1  2  3  4  5 |
---------------+----------------+-----
Armour         | 4 5 6 |  6.2
Fighting       | 4 5 |  5.4
Invocations    | 1 4 5 |  5.6
Long Blades    | 3 6 |  6.8
Shields        | 5 7 |  7.5
Dodging        | 1 |  1.9

Action                     |  1- 3 |  4- 6 || total
---------------------------+-------+-------++-------
  Melee: Long sword        |    47 |    15 ||    62
    Use: Potion            |     1 |       ||     1
 Armour: Scale mail        |    37 |       ||    37
         Plate armour      |       |     7 ||     7
  Dodge: Dodged            |    26 |     7 ||    33
  Block: Buckler           |    24 |     7 ||    31

Table legend: (Time is in decaauts)
 A = Elapsed time spent in this place.
 B = Non-inter-level travel time spent in this place.
 C = Inter-level travel time spent in this place.
 D = Time resting spent in this place.
 E = Time spent auto-exploring this place.
 F = Levels seen in this place.
 G = Mean time per level.
                   A        B        C        D        E       F      G
               +--------+--------+--------+--------+--------+-----+--------+
         Total |    425 |    391 |     34 |    127 |      0 |   1 |  425.0 |
       Dungeon |    425 |    391 |     34 |    127 |      0 |   1 |  425.0 |
               +--------+--------+--------+--------+--------+-----+--------+

Top non-repeatable levels by time:
       D: 425 daAuts
